 Dungeon Crawl Stone Soup version 0.17.0-28-g6e173f8 (webtiles) character file.

2221 4thArraOfDagon the Cleaver (level 9, 0/82 HPs)
             Began as a Minotaur Berserker on Nov 24, 2015.
             Was a Believer of Trog.
             Slain by a centaur (3 damage)
             ... on level 9 of the Dungeon.
             The game lasted 00:07:08 (1191 turns).

4thArraOfDagon the Cleaver (Minotaur Berserker)     Turns: 1191, Time: 00:07:08

Health: 0/82       AC: 10    Str: 23    XL:     9   Next: 13%
Magic:  8/8        EV: 11    Int:  7    God:    Trog [**....]
Gold:   172        SH:  0    Dex: 13    Spells: 0 memorised, 8 levels left

rFire  . . .     SeeInvis .     u - +0 war axe
rCold  . . .     Clarity  .     h - +0 ring mail
rNeg   . . .     SustAt   .     (no shield)
rPois  +         Gourm    .     w - +2 hat
rElec  .         Spirit   .     (no cloak)
rCorr  .         Warding  .     (no gloves)
rMut   .         Stasis   .     o - +0 pair of boots
MR     ++...                    E - amulet of rage
Stlth  +.........               y - ring of poison resistance
                                j - +4 ring of dexterity

@: exhausted, regenerating, slowed, very slow, very resistant to hostile
enchantments, very unstealthy
A: retaliatory headbutt, horns 2
a: Berserk, Trog's Hand, Burn Spellbooks, Renounce Religion, Evoke Berserk Rage


You were on level 9 of the Dungeon.
You worshipped Trog.
Trog was pleased with you.
You were very hungry.

You visited 1 branch of the dungeon, and saw 9 of its levels.

You collected 172 gold pieces.

Inventory:

Hand Weapons
 a - a +0 hand axe
 t - a +2 hand axe
 u - a +0 war axe (weapon)
Armour
 h - a +0 ring mail (worn)
 o - a +0 pair of boots (worn)
 w - a +2 hat (worn)
Jewellery
 j - a +4 ring of dexterity (left hand)
 y - a ring of poison resistance (right hand)
 B - an uncursed ring of wizardry
 E - an amulet of rage (around neck)
Scrolls
 d - a scroll of magic mapping {unknown}
 e - 3 scrolls of teleportation {unknown}
 g - a scroll of fear {unknown}
 i - 3 scrolls of remove curse
 k - 2 scrolls of blinking {unknown}
 m - 3 scrolls of identify {unknown}
 v - a scroll of fog {unknown}
 C - a scroll of recharging {unknown}
Potions
 l - a potion of cancellation {unknown}
 n - a potion of ambrosia {unknown}
 q - a potion of flight {unknown}
 r - a potion of poison {unknown}
 s - a potion of brilliance {unknown}
 x - a potion of beneficial mutation {unknown}
 z - 2 potions of cure mutation {unknown}
 D - a potion of agility {unknown}
Comestibles
 b - 5 fruits
 c - 2 bread rations
 f - 2 chunks of flesh
 p - 2 meat rations
 A - a beef jerky


   Skills:
 + Level 8.4 Fighting
 * Level 10.7 Axes
 + Level 7.5 Armour
 - Level 2.1 Dodging


You had 8 spell levels left.
You didn't know any spells.

Dungeon Overview and Level Annotations

Branches:
Dungeon (9/15)             Temple (0/1) D:5
   Lair: D:8-11         Orc: D:9-12

Altars:
Elyvilon
Makhleb
Vehumet
Xom

Shops:
D:7 [

Annotations:
D:3 Natasha


Innate Abilities, Weirdness & Mutations

You reflexively headbutt those who attack you in melee.
You have a pair of horns on your head.


Message History

The big kobold misses you. The centaur hits you.
* * * LOW HITPOINT WARNING * * *
Unknown command.
Unknown command.
Unknown command.
Drink which item? (? for menu, Esc to quit)
Okay, then.
Read which item? (? for menu, Esc to quit)
Okay, then.
You slash the ogre! You headbutt the ogre!
The ogre is almost dead.
You hit the big kobold.
The big kobold is heavily wounded.
You completely miss the centaur.
The centaur hits you but does no damage.
The ogre hits you with a giant club!
* * * LOW HITPOINT WARNING * * *
The big kobold barely misses you. You furiously retaliate!
You headbutt the big kobold. The centaur hits you.
You die...

###############.......
#.............#.......
#..........<..#.......
#.............#.......
#.............#.......
#.............#.......
########'######O......
.............@K..#
.......(..)(†.c..#
.........)..)....#
.................#
....................
..........##+####....
######....+ ....
#....# ... #....# ##


You could see a big kobold, an ogre and a centaur.

Vanquished Creatures
  The ghost of PeterLawrence the Basher, a novice GrFi of Okawaru (D:9)
  A manticore (D:7)
  2 ogres (D:6)
  A centaur (D:7)
  A big kobold (D:8)
  3 giant frogs
  A scorpion (D:9)
  3 wights (D:6)
  4 crimson imps
  4 orc wizards
  3 hounds
  A giant frog skeleton (D:7)
  An iguana (D:6)
  Natasha (D:3)
  A worker ant (D:7)
  A hound zombie (D:5)
  A worker ant zombie (D:6)
  2 adders (D:4)
  3 gnolls (D:3)
  2 oozes
  A giant gecko (D:1)
  18 orcs
  A ball python (D:4)
  2 bats
  A giant cockroach (D:6)
  4 goblins
  2 hobgoblins (D:1)
  A jackal (D:7)
  8 kobolds
  3 quokkas
  A giant newt (D:5)
  2 rats (D:1)
81 creatures vanquished.

Notes
Turn   | Place    | Note
--------------------------------------------------------------
     0 | D:1      | 4thArraOfDagon the Minotaur Berserker began the quest for the Orb.
     0 | D:1      | Reached XP level 1. HP: 19/19 MP: 0/0
    47 | D:1      | Reached skill level 4 in Axes
    67 | D:1      | Reached XP level 2. HP: 13/27 MP: 1/1
   214 | D:3      | Noticed Natasha
   225 | D:3      | Reached XP level 3. HP: 12/33 MP: 2/2
   228 | D:3      | Killed Natasha
   228 | D:3      | Reached skill level 5 in Axes
   228 | D:3      | Reached XP level 4. HP: 7/41 MP: 3/3
   299 | D:3      | Noticed Natasha
   320 | D:3      | Reached ** piety under Trog
   393 | D:4      | Noticed a phantom
   481 | D:5      | Entered Level 5 of the Dungeon
   512 | D:6      | Noticed an ogre
   517 | D:6      | Killed an ogre
   517 | D:6      | Reached skill level 5 in Fighting
   517 | D:6      | Reached skill level 6 in Axes
   517 | D:6      | Reached XP level 5. HP: 28/48 MP: 4/4
   526 | D:6      | Reached XP level 6. HP: 29/56 MP: 5/5
   562 | D:6      | Noticed an ogre
   580 | D:6      | Killed an ogre
   581 | D:6      | Reached skill level 7 in Axes
   661 | D:7      | Reached skill level 5 in Armour
   661 | D:7      | Reached XP level 7. HP: 62/62 MP: 6/6
   733 | D:7      | Noticed a manticore
   788 | D:5      | Found a staircase to the Ecumenical Temple.
   826 | D:5      | Reached skill level 8 in Axes
   898 | D:7      | Killed a manticore
   898 | D:7      | Reached skill level 9 in Axes
   898 | D:7      | Reached XP level 8. HP: 24/73 MP: 7/7
   934 | D:7      | Found a white marble altar of Elyvilon.
   984 | D:7      | Found a radiant altar of Vehumet.
   985 | D:7      | Found a burning altar of Makhleb.
  1016 | D:7      | Found Cushrene's Armour Shop.
  1067 | D:8      | Found a shimmering altar of Xom.
  1121 | D:9      | Noticed PeterLawrence's ghost (novice GrFi)
  1127 | D:9      | Killed PeterLawrence's ghost
  1127 | D:9      | Reached skill level 10 in Axes
  1127 | D:9      | Reached XP level 9. HP: 81/81 MP: 8/8
  1185 | D:9      | Reached *** piety under Trog
  1191 | D:9      | HP: 3/82 [ogre/giant club (14)]
  1191 | D:9      | Slain by a centaur

Action                   |  1- 3 |  4- 6 |  7- 9 || total
-------------------------+-------+-------+-------++-------
Melee: Hand axe          |    31 |    33 |    42 ||   106
       War axe           |       |       |    57 ||    57
Invok: Berserk           |     2 |     4 |     4 ||    10
       Trog's Hand       |       |     2 |     6 ||     8
  Use: Scroll            |       |       |     2 ||     2
  Eat: Chunk             |       |     5 |     6 ||    11
